 Dungeon Crawl Stone Soup version 0.25-a0-1079-g858b6a6ff6 (webtiles) character file.

Game seed: 14184273450635759655, levelgen mode: classic

2 Amnesiac the Shield-Bearer (level 1, -4/13 HPs)
             Began as a Deep Elf Fighter on May 15, 2020.
             Slain by a gnoll
             ... wielding a +0 flail
              (12 damage)
             ... on level 1 of the Dungeon.
             The game lasted 00:00:13 (86 turns).

Amnesiac the Shield-Bearer (Deep Elf Fighter)         Turns: 86, Time: 00:00:14

Health: -4/13      AC:  6    Str: 13    XL:     1   Next: 33%
Magic:  3/3        EV:  6    Int: 12    God:
Gold:   0          SH:  8    Dex: 14    Spells: 0/0 levels left

rFire    . . .     SeeInvis .   a - +0 war axe
rCold    . . .     Gourm    .   c - +0 kite shield
rNeg     . . .     Faith    .   b - +0 scale mail
rPois    .         Spirit   .   (no helmet)
rElec    .         Reflect  .   (no cloak)
rCorr    .         Harm     .   (no gloves)
MR       .....                  (no boots)
Stlth    ..........             (no amulet)
HPRegen  0.04/turn              (no ring)
MPRegen  0.08/turn              (no ring)

@: no status effects
A: no striking features
a: no special abilities


You were on level 1 of the Dungeon.
You were not hungry.

You visited 1 branch of the dungeon, and saw 1 of its levels.

Inventory:

Hand Weapons
 a - a +0 war axe (weapon)
 h - a +1 short sword of holy wrath
Armour
 b - a +0 scale mail (worn)
 c - a +0 kite shield (worn)
Scrolls
 e - a scroll of remove curse {!r, unknown}
Potions
 d - a potion of might {!q}
Comestibles
 f - a ration
 g - 2 chunks of flesh


   Skills:
 - Level 2.4 Fighting
 + Level 1.8 Axes
 - Level 2.4 Armour
 - Level 2.4 Shields


You couldn't memorise any spells.
You didn't know any spells.
Your spell library was empty.

Dungeon Overview and Level Annotations

Branches:
Dungeon (1/15)

Altars:


Message History

Welcome, Amnesiac the Deep Elf Fighter.
The bosom of this dungeon contains the transcendent artefact, the Orb of Zot.
Press ? for a list of commands and other information.
Found a staircase leading out of the dungeon.
You open the large door.
There is a large open door here.
e - a scroll labeled HIGEMU WERPHOCI {!r} A hobgoblin comes into view.
The hobgoblin shouts!
A hobgoblin is nearby!
A goblin comes into view.
The goblin shouts!
You block the hobgoblin's attack.
You hit the hobgoblin but do no damage. The hobgoblin barely misses you.
You slash the hobgoblin!
You kill the hobgoblin!
You block the goblin's attack.
You closely miss the goblin. You block the goblin's attack.
Your shield and scale mail prevent you from hitting the goblin.
The goblin hits you but does no damage. The goblin hits you.
You hit the goblin.
The goblin is heavily wounded.
The goblin hits you but does no damage.
You barely miss the goblin.
The goblin is heavily wounded.
The goblin hits you. You block the goblin's attack.
You hit the goblin.
You kill the goblin!
No target in view!
No target in view!
You butcher the goblin corpse.
g - 2 chunks of flesh You see here a goblin skeleton. x2
Found a runed short sword and 25 stones.
A gnoll comes into view. It is wielding a +0 flail.
The gnoll shouts!
Found 16 gold pieces.
A gnoll is nearby!
A gnoll is nearby!
You see here a runed short sword.
h - a runed short sword Your +1 short sword of holy wrath softly glows with a divine radiance!
h - a +1 short sword of holy wrath (weapon)
The gnoll hits you with a +0 flail.
Your +1 short sword of holy wrath stops glowing.
a - a +0 war axe (weapon)
You hit the gnoll.
The gnoll is moderately wounded.
The gnoll hits you with a +0 flail. You block the gnoll's attack.
You closely miss the gnoll.
The gnoll is moderately wounded.
The gnoll hits you with a +0 flail!
Ouch! That really hurt!
You die...

##########
#....g@..#
#.######.# #.# .#
...####.######.##
#................
#.#..........#.
#....##......#
..... ###....#
#### #.(.##


You could see a gnoll.

Vanquished Creatures
  A goblin (D:1)
  A hobgoblin (D:1)
2 creatures vanquished.

Notes
Turn   | Place    | Note
-------+----------+-------------------------------------------
     0 | D:1      | Amnesiac the Deep Elf Fighter began the quest for the Orb.
     0 | D:1      | Reached XP level 1. HP: 13/13 MP: 3/3
    86 | D:1      | Slain by a gnoll

Illustrated notes

Levels and vault maps discovered:
D:1:      saegor_arrival_simple_e, layout_loops_ring, minmay_tall_x

Action                   || total
-------------------------++-------
Melee: War axe           ||     9
Armor: Scale mail        ||     2
Dodge: Dodged            ||     1
Block: Kite shield       ||     5

Table legend:
 A = Non-vault XP
 B = Vault XP
 C = Vault XP percentage of total XP
 D = Non-vault monster count
 E = Vault monster count
 F = Vault count percentage of total count
                 A         B        C        D         E       F
            +---------+---------+-------+---------+---------+-------
      Total |       4 |       0 |   0.0 |       2 |       0 |   0.0
            +---------+---------+-------+---------+---------+-------
        D:1 |       4 |       0 |   0.0 |       2 |       0 |   0.0
            +---------+---------+-------+---------+---------+-------
